 Dungeon Crawl Stone Soup version 0.30-a0-358-g0d69a1922f (webtiles) character file.

Game seed: 903236633526591959

529 oldmanjim the Skirmisher (level 7, -1/56 HPs)
             Began as a Gnoll Hunter on Nov 9, 2022.
             Was an Initiate of Okawaru.
             Slain by Eustachio
             ... wielding a +0 falchion
              (4 damage)
             ... on level 4 of the Dungeon.
             The game lasted 00:15:00 (4199 turns).

oldmanjim the Skirmisher (Gnoll Hunter)             Turns: 4199, Time: 00:15:01

Health: -1/56      AC:  4    Str:  8 (10) XL:     7   Next: 23%
Magic:  10/10      EV: 13    Int:  5 (8)  God:    Okawaru [......]
Gold:   256        SH:  0    Dex: 16 (18) Spells: 7/10 levels left

rFire   . . .      SeeInvis .    a - +0 shortbow
rCold   . . .      Faith    .    (shield currently unavailable)
rNeg    . . .      Spirit   .    c - +1 leather armour
rPois   .          Reflect  .    (no helmet)
rElec   .          Harm     .    (no cloak)
rCorr   .          Rampage  .    (no gloves)
Will    .....                    (no boots)
Stlth   ++........               f - amulet of magic regeneration
HPRegen 0.29/turn                (no ring)
MPRegen 0.52/turn                (no ring)

@: mighty, attractive, flying, invisible
A: fangs 1, strong nose, distributed training
a: Renounce Religion


You were on level 4 of the Dungeon.
You worshipped Okawaru.
Okawaru was noncommittal.
You visited 2 branches of the dungeon, and saw 5 of its levels.

You collected 256 gold pieces.

Inventory:

Hand Weapons
 a - a +0 shortbow (weapon)
 b - a +0 long sword
 g - a +0 falchion
Missiles
 m - 28 stones
 t - a boomerang
Armour
 c - a +1 leather armour (worn)
Jewellery
 f - an amulet of magic regeneration (around neck)
Wands
 v - a wand of flame (7)
Scrolls
 d - a scroll of magic mapping
 h - 2 scrolls of immolation
 i - a scroll of enchant armour
 k - a scroll of noise
 l - 3 scrolls of amnesia
 x - a scroll of poison
Potions
 e - a potion of might
 j - a potion of degeneration
 p - a potion of flight
 s - a potion of attraction


   Skills:
 + Level 5.2 Fighting
 + Level 2.4 Short Blades
 + Level 2.4 Long Blades
 + Level 2.4 Axes
 + Level 2.4 Maces & Flails
 + Level 2.4 Polearms
 + Level 2.4 Staves
 + Level 8.9 Ranged Weapons
 + Level 2.4 Throwing
 + Level 2.4 Armour
 + Level 5.2 Dodging
 + Level 3.4 Stealth
 + Level 2.4 Shields
 + Level 2.4 Unarmed Combat
 + Level 2.4 Spellcasting
 + Level 2.0 Conjurations
 + Level 2.0 Hexes
 + Level 2.0 Summonings
 + Level 2.0 Necromancy
 + Level 2.0 Translocations
 + Level 2.0 Transmutations
 + Level 2.0 Fire Magic
 + Level 2.0 Ice Magic
 + Level 2.0 Air Magic
 + Level 2.0 Earth Magic
 + Level 2.0 Poison Magic
 + Level 2.7 Invocations
 + Level 2.4 Evocations


You had 7 spell levels left.
You knew the following spells:

 Your Spells              Type           Power      Damage    Failure   Level
a - Inner Flame           Hex/Fire       2%         N/A       61%         3

Your spell library contained the following spells:

 Spells                   Type           Power      Damage    Failure   Level
 Gell's Gravitas          Tloc           2%         N/A       61%         3
 Lesser Beckoning         Tloc           4%         N/A       61%         3
 Teleport Other           Tloc           2%         N/A       61%         3
 Flame Wave               Conj/Fire      2%         2d4       95%         4
 Sticky Flame             Conj/Fire      2%         2d3       95%         4


Dungeon Overview and Level Annotations

Branches:
Dungeon (4/15)             Temple (1/1) D:4

Altars:
Dithmenos
Elyvilon
Fedhas
Gozag
Hepliaklqana
Makhleb
Nemelex Xobeh
Okawaru
Ru
Sif Muna
Trog
Uskayaw
Vehumet
Wu Jian
Xom
Yredelemnul
Zin
The Shining One

Annotations:
D:4 Eustachio


Innate Abilities, Weirdness & Mutations

You have very sharp teeth.
Your uncanny sense of smell can sniff out nearby items.
Your experience applies equally to all skills.


Message History

Eustachio is moderately wounded.
The shadow imp hits you but does no damage.
Eustachio casts a spell.
The bat is attracted toward you.
Fire: a) +0 shortbow
Press: ? - help, Q - select action, (/) - cycle Shift-Dir - straight line, f/p - Eustachio
Aim: Eustachio, wielding a +0 falchion and wearing a +0 leather armour (moderately wounded, unable to see you, 57% to hit)
You shoot an arrow. The arrow barely misses Eustachio.
The arrow barely misses the bat.
The bat is poisoned.
The bat hits you but does no damage.
The bat is engulfed in poison gas.
The bat is poisoned.
The bat looks even sicker.
The bat hits you but does no damage. The shadow imp closely misses you.
Eustachio closely misses you.
The bat is engulfed in poison gas.
The bat looks even sicker.
The bat misses you.
The quokka is engulfed in poison gas.
The quokka is poisoned.
The quokka closely misses you. The bat hits you but does no damage.
Fire: a) +0 shortbow
Press: ? - help, Q - select action, (/) - cycle Shift-Dir - straight line, f/p - Eustachio
Aim: Eustachio, wielding a +0 falchion and wearing a +0 leather armour (moderately wounded, unable to see you, 57% to hit)
You shoot an arrow. The arrow hits Eustachio!
Eustachio is heavily wounded.
The bat is engulfed in poison gas.
The bat looks as sick as possible!
You kill the bat!
The bat's corpse disappears in a puff of smoke!
The bat closely misses you. The shadow imp closely misses you.
Eustachio hits you with a +0 falchion.
* * * LOW HITPOINT WARNING * * *
The quokka is engulfed in poison gas.
The quokka looks even sicker.
You kill the quokka!
The quokka's corpse disappears in a puff of smoke!
The bat hits you but does no damage.
Fire: a) +0 shortbow
Press: ? - help, Q - select action, (/) - cycle Shift-Dir - straight line, f/p - Eustachio
Aim: Eustachio, wielding a +0 falchion and wearing a +0 leather armour (heavily wounded, unable to see you, 57% to hit)
You shoot an arrow. The arrow misses Eustachio.
The bat hits you but does no damage. The bat hits you.
* * * LOW HITPOINT WARNING * * *
The shadow imp barely misses you. Eustachio hits you with a +0 falchion.
You die...

#........# *********####☼#####
*,,,,,,,* #§# *,*****,* #○#
****,** #,* #☼#
*,,,,,*###.#####°##
*,,,,,*#..))†...§°#############
*,,,,....#.#####@b°..§☼☼......#
*,,,,.***#,* ##°@☼###########.#
*,...,,,,,,* #○.5°☼# #.#
###.#####*** ##☼○°## #.#
#...@.<.# ##.## #.# #.#.###.#
#.# #.# #$...##.# #§# ##.##
#.....#.# ##☼## ##.#.##
#.....#.# ##.○☼## #.###.#
#.#.#.#.# ##.....## ###.#.##


You could see Eustachio (unable to see you), a shadow imp (summoned, unable to
see you) and a bat (summoned, poisoned).

Vanquished Creatures
  Sigmund (D:2)
  Blork the orc (D:4)
  2 hounds
  2 orc wizards (D:3)
  6 gnolls (D:4)
  5 adders
  5 dart slugs
  A worm (D:3)
  7 orcs
  8 ball pythons
  11 endoplasms
  7 giant cockroaches
  5 goblins
  8 hobgoblins
  4 jackals (D:2)
  3 quokkas
  4 bats
  4 frilled lizards
  A kobold (D:3)
  3 rats
88 creatures vanquished.

Notes
Turn   | Place    | Note
-------+----------+-------------------------------------------
     0 | D:1      | oldmanjim the Gnoll Hunter began the quest for the Orb.
     0 | D:1      | Reached XP level 1. HP: 20/20 MP: 1/1
    76 | D:1      | Reached XP level 2. HP: 26/26 MP: 2/2
   570 | D:1      | Reached XP level 3. HP: 30/31 MP: 3/3
   884 | D:2      | Found an ornate altar of the Wu Jian Council.
   898 | D:2      | Noticed Sigmund
   906 | D:2      | Killed Sigmund
   907 | D:2      | Reached skill level 1 in Short Blades
   907 | D:2      | Reached skill level 1 in Long Blades
   907 | D:2      | Reached skill level 1 in Axes
   907 | D:2      | Reached skill level 1 in Maces & Flails
   907 | D:2      | Reached skill level 1 in Polearms
   907 | D:2      | Reached skill level 1 in Staves
   907 | D:2      | Reached skill level 1 in Throwing
   907 | D:2      | Reached skill level 1 in Armour
   907 | D:2      | Reached skill level 1 in Shields
   907 | D:2      | Reached skill level 1 in Unarmed Combat
   907 | D:2      | Reached skill level 1 in Spellcasting
   907 | D:2      | Reached skill level 1 in Conjurations
   907 | D:2      | Reached skill level 1 in Hexes
   907 | D:2      | Reached skill level 1 in Summonings
   907 | D:2      | Reached skill level 1 in Necromancy
   907 | D:2      | Reached skill level 1 in Translocations
   907 | D:2      | Reached skill level 1 in Transmutations
   907 | D:2      | Reached skill level 1 in Fire Magic
   907 | D:2      | Reached skill level 1 in Ice Magic
   907 | D:2      | Reached skill level 1 in Air Magic
   907 | D:2      | Reached skill level 1 in Earth Magic
   907 | D:2      | Reached skill level 1 in Poison Magic
   907 | D:2      | Reached skill level 1 in Invocations
   907 | D:2      | Reached skill level 1 in Evocations
   907 | D:2      | Reached XP level 4. HP: 14/38 MP: 4/6
   907 | D:2      | Reached XP level 5. HP: 16/43 MP: 4/7
  1728 | D:3      | Reached XP level 6. HP: 47/50 MP: 8/8
  1800 | D:3      | You fall into a shaft and drop 1 floor!
  1848 | D:4      | Noticed Eustachio
  1862 | D:4      | Reached skill level 5 in Fighting
  1862 | D:4      | Reached skill level 5 in Dodging
  1990 | D:4      | Found a staircase to the Ecumenical Temple.
  2082 | Temple   | Entered the Ecumenical Temple
  2275 | Temple   | Became a worshipper of Warmaster Okawaru
  2709 | D:4      | Noticed Blork the orc
  2718 | D:4      | Killed Blork the orc
  2985 | D:3      | Reached XP level 7. HP: 56/56 MP: 10/10
  2986 | D:3      | Found a shadowy altar of Dithmenos.
  3551 | D:3      | Learned a level 3 spell: Inner Flame
  4189 | D:4      | HP: 1/56 [river rat[Eustachio] (5)]
  4199 | D:4      | Slain by Eustachio

Illustrated notes

Levels and vault maps discovered:
D:1:      dpeg_arrival_short_road, layout_basic, hex_large
D:2:      layout_loops_ring, basic_altar, lightli_corner_chamber, uniq_sigmund
D:3:      mumra_celtic_spiral_tile, layout_basic,
          nicolae_dithmenos_shadow_blocks
D:4:      layout_loops_corners, minmay_temple_entry_glass, uniq_blork_the_orc,
          uniq_eustachio
Temple:   bh_familiar_temple

Skill      XL: |  1  2  3  4  5  6  7 |
---------------+----------------------+-----
Short Blades   | 1 2 |  2.4
Long Blades    | 1 2 |  2.4
Axes           | 1 2 |  2.4
Maces & Flails | 1 2 |  2.4
Polearms       | 1 2 |  2.4
Staves         | 1 2 |  2.4
Throwing       | 1 2 |  2.4
Armour         | 1 2 |  2.4
Shields        | 1 2 |  2.4
Unarmed Combat | 1 2 |  2.4
Spellcasting   | 1 2 |  2.4
Conjurations   | 1 2 |  2.0
Hexes          | 1 2 |  2.0
Summonings     | 1 2 |  2.0
Necromancy     | 1 2 |  2.0
Translocations | 1 2 |  2.0
Transmutations | 1 2 |  2.0
Fire Magic     | 1 2 |  2.0
Ice Magic      | 1 2 |  2.0
Air Magic      | 1 2 |  2.0
Earth Magic    | 1 2 |  2.0
Poison Magic   | 1 2 |  2.0
Invocations    | 1 2 |  2.7
Evocations     | 1 2 |  2.4
Stealth        | 3 |  3.4
Fighting       | 5 |  5.2
Dodging        | 5 |  5.2
Ranged Weapons | |  8.9

Action                   |  1- 3 |  4- 6 |  7- 9 || total
-------------------------+-------+-------+-------++-------
Melee: Long sword        |       |       |    12 ||    12
       Shortbow          |       |       |     1 ||     1
 Fire: Shortbow          |    77 |   136 |    73 ||   286
  Use: Scroll            |       |       |    10 ||    10
       Potion            |       |       |     6 ||     6
Armor: Leather armour    |     8 |     4 |    16 ||    28
Dodge: Dodged            |    12 |    27 |    39 ||    78

Table legend: (Time is in decaauts)
 A = Elapsed time spent in this place.
 B = Non-inter-level travel time spent in this place.
 C = Inter-level travel time spent in this place.
 D = Time resting spent in this place.
 E = Time spent auto-exploring this place.
 F = Levels seen in this place.
 G = Mean time per level.
                   A        B        C        D        E       F      G
               +--------+--------+--------+--------+--------+-----+--------+
         Total |   4235 |   4019 |    216 |     62 |   3362 |   5 |  847.0 |
       Dungeon |   4023 |   3848 |    175 |     62 |   3201 |   4 | 1005.8 |
        Temple |    211 |    170 |     41 |      0 |    161 |   1 |  211.0 |
               +--------+--------+--------+--------+--------+-----+--------+

Top non-repeatable levels by time:
     D:3: 1232 daAuts
     D:4: 1103 daAuts
     D:1: 862 daAuts
     D:2: 825 daAuts
  Temple: 211 daAuts
